 Dungeon Crawl Stone Soup version 0.21-a0-401-g0b6bec4 (webtiles) character file.

2566 Coron the Blocker (level 9, -4/78 HPs)
             Began as a Deep Dwarf Gladiator on Oct 24, 2017.
             Was an Initiate of Makhleb.
             Slain by an orc warrior
             ... wielding a +0 battleaxe
              (8 damage)
             ... on level 7 of the Dungeon.
             The game lasted 00:16:26 (5491 turns).

Coron the Blocker (Deep Dwarf Gladiator)            Turns: 5491, Time: 00:16:27

Health: -4/78      AC: 13    Str: 21    XL:     9   Next: 31%
Magic:  0/7        EV:  9    Int:  9    God:    Makhleb [......]
Gold:   379        SH: 14    Dex: 14    Spells: 8/8 levels left

rFire    . . .     SeeInvis +   a - +1 war axe
rCold    . . .     Gourm    .   v - +2 shield of Time Monsters {*Slow +Fly MR+++ Regen+}
rNeg     . . .     Faith    .   w - +0 chain mail
rPois    +         Spirit   +   c - +0 helmet
rElec    .         Reflect  .   (no cloak)
rCorr    .         Harm     .   (no gloves)
MR       ++++.                  g - +0 pair of boots
Stlth    ..........             m - amulet of guardian spirit
HPRegen  0.00/turn              p - ring of see invisible
MPRegen  0.10/turn              z - ring of poison resistance

@: non-regenerating
A: damage resistance, heal wounds, sense surroundings 2, no regeneration
a: Heal Wounds, Renounce Religion, Evoke Flight


You were on level 7 of the Dungeon.
You worshipped Makhleb.
Makhleb was noncommittal.
You were not hungry.

You visited 2 branches of the dungeon, and saw 8 of its levels.

You collected 379 gold pieces.

Inventory:

Hand Weapons
 a - a +1 war axe (weapon)
Missiles
 d - 3 throwing nets
 j - 12 tomahawks (quivered)
Armour
 c - a +0 helmet (worn)
 g - a +0 pair of boots (worn)
 v - the +2 shield of Time Monsters (worn) {*Slow +Fly MR+++ Regen+}
   (You found it on level 6 of the Dungeon)

   It affects your resistance to hostile enchantments.
   It lets you fly.
   It increases your rate of regeneration.
   It may slow you when you take damage.
 w - a +0 chain mail (worn)
Jewellery
 l - an uncursed ring of resist corrosion
 m - an amulet of guardian spirit (around neck)
 p - a ring of see invisible (left hand)
 s - an uncursed ring of wizardry
 z - a ring of poison resistance (right hand)
Wands
 x - a wand of acid (5/15)
 D - a wand of polymorph (11/24)
Scrolls
 e - 4 scrolls of fear
 h - 2 scrolls of teleportation
 n - a scroll of recharging {unknown}
 r - a scroll of enchant weapon
 t - a scroll of fog {unknown}
 u - 2 scrolls of identify
 y - a scroll of summoning {unknown}
 A - 3 scrolls of remove curse
 C - a scroll of brand weapon {unknown}
 I - a scroll of amnesia {unknown}
Potions
 k - 2 potions of curing
 q - 3 potions of haste
 E - 2 potions of degeneration {unknown}
 H - 2 potions of agility {unknown}
Books
 B - a book of Misfortune

   Spells                             Type                      Level
   a - Confusing Touch                Hexes                        1
   b - Confuse                        Hexes                        3
   c - Gell's Gravitas                Translocation                3
   d - Petrify                        Transmutation/Earth          4
   e - Metabolic Englaciation         Hexes/Ice                    5
   f - Yara's Violent Unravelling     Hexes/Transmutation          5
 F - a book of Flames

   Spells                             Type                      Level
   a - Flame Tongue                   Conjuration/Fire             1
   b - Throw Flame                    Conjuration/Fire             2
   c - Conjure Flame                  Conjuration/Fire             3
   d - Inner Flame                    Hexes/Fire                   3
   e - Sticky Flame                   Conjuration/Fire             4
   f - Fireball                       Conjuration/Fire             5
Comestibles
 b - a meat ration
 f - 4 bread rations
 i - 3 royal jellies
 o - 4 fruits


   Skills:
 - Level 4.0 Fighting
 - Level 4.0 Axes
 - Level 2.0 Throwing
 + Level 8.6 Armour
 - Level 4.0 Dodging
 - Level 9.1 Shields


You had 8 spell levels left.
You didn't know any spells.

Dungeon Overview and Level Annotations

Branches:
Dungeon (7/15)             Temple (1/1) D:6

Altars:
Ashenzari
Cheibriados
Dithmenos
Elyvilon
Fedhas
Gozag
Hepliaklqana
Kikubaaqudgha
Makhleb
Nemelex Xobeh
Okawaru
Qazlal
Ru
Sif Muna
Trog
Uskayaw
Vehumet
Wu Jian
Xom
Yredelemnul
Zin
The Shining One


Innate Abilities, Weirdness & Mutations

You are resistant to damage.
You can heal yourself by infusing magical energy.
You passively map the area around you.
You do not regenerate.


Message History

You block the orc warrior's attack.
Your shield and chain mail prevent you from hitting the orc priest.
The orc priest is almost dead.
You closely miss the orc warrior. The orc priest barely misses you.
You block the orc warrior's attack.
You barely miss the orc priest.
The orc priest is almost dead.
You barely miss the orc warrior.
The orc priest calls down the wrath of Beogh upon you.
Beogh smites you!
* * * LOW HITPOINT WARNING * * *
You block the orc warrior's attack.
You slash the orc priest!
You kill the orc priest!
Makhleb accepts your kill.
You closely miss the orc warrior. You block the orc warrior's attack.
You closely miss the orc warrior. You closely miss the orc.
You block the orc's attack.
The orc warrior hits you with a battleaxe!
You die...

....(.#.....#### *
#######.....
.....###..........#
######
###.#.#.#########.#
# #.##<## #.# #
#.#### ##.## # #.#
#...# # #.. ,*
#.#.# # ###* , *
###o..### # ,
#.o@....# # *,
#)##<##.# ##
#.##.##.# .# ,
#o##.##.# .#
#.##.##.# .# * *
#o##.##.# ##
#.......# #########
####.#### #.....(.#
#.#


You could see an orc warrior and an orc.

Vanquished Creatures
  A two-headed ogre (D:7)
  A water moccasin (D:7)
  An orc warrior (D:6)
  2 black bears
  3 centaurs
  A phantom (D:6)
  The ghost of Atlas the Ruffian, an amateur DrTm (D:3)
  A gnoll sergeant (D:7)
  A bullfrog (D:6)
  4 wights (D:6)
  A centaur zombie (D:6)
  A quasit (D:6)
  A hound (D:6)
  7 orc priests
  A bullfrog skeleton (D:5)
  4 orc wizards
  Jessica (D:3)
  2 worker ants
  An iguana (D:4)
  Robin (D:3)
  5 gnolls (D:7)
  5 adders
  3 shadow imps
  An ooze (D:1)
  An adder zombie (D:3)
  3 worms
  28 orcs
  2 ball pythons
  5 giant cockroaches
  18 goblins
  13 hobgoblins
  8 jackals
  4 quokkas
  10 bats
  5 frilled lizards
  7 kobolds
  10 rats
164 creatures vanquished.

Vanquished Creatures (others)
  A centaur (D:7)
  A quokka (D:7)
2 creatures vanquished.

Grand Total: 166 creatures vanquished

Notes
Turn   | Place    | Note
-------+----------+-------------------------------------------
     0 | D:1      | Coron the Deep Dwarf Gladiator began the quest for the Orb.
     0 | D:1      | Reached XP level 1. HP: 19/19 MP: 1/1
   116 | D:1      | Reached XP level 2. HP: 21/26 MP: 2/2
   685 | D:2      | Reached XP level 3. HP: 19/32 MP: 3/3
   860 | D:2      | Reached skill level 1 in Armour
  1391 | D:3      | Reached XP level 4. HP: 36/39 MP: 0/4
  1573 | D:3      | Noticed Jessica
  1585 | D:3      | Killed Jessica
  1585 | D:3      | Reached XP level 5. HP: 6/45 MP: 0/4
  1784 | D:3      | Noticed Robin
  1802 | D:3      | Killed Robin
  1863 | D:3      | Reached skill level 5 in Armour
  2083 | D:3      | Reached XP level 6. HP: 47/52 MP: 0/5
  2087 | D:3      | Noticed Atlas's ghost (amateur DrTm)
  2128 | D:3      | Killed Atlas's ghost
  2982 | D:5      | Entered Level 5 of the Dungeon
  3015 | D:5      | Reached XP level 7. HP: 18/64 MP: 0/6
  3075 | D:5      | HP: 3/64 [shadow imp/nerve-wracking pain (12)]
  3790 | D:6      | Got a transparent shield
  3830 | D:6      | Reached skill level 1 in Shields
  3837 | D:6      | Reached skill level 2 in Shields
  4054 | D:6      | Identified the +2 shield of Time Monsters {*Slow +Fly MR+++ Regen+} (You found it on level 6 of the Dungeon)
  4069 | D:6      | Reached skill level 3 in Shields
  4137 | D:6      | Reached skill level 4 in Shields
  4426 | D:6      | Reached skill level 5 in Shields
  4426 | D:6      | Reached XP level 8. HP: 46/72 MP: 1/7
  4537 | D:6      | Reached skill level 6 in Shields
  4605 | D:6      | Found a staircase to the Ecumenical Temple.
  4610 | Temple   | Entered the Ecumenical Temple
  4692 | Temple   | Became a worshipper of Makhleb the Destroyer
  4830 | D:6      | Reached skill level 7 in Shields
  4969 | D:7      | Found a white marble altar of Elyvilon.
  4990 | D:7      | Reached skill level 8 in Shields
  5263 | D:7      | Reached skill level 9 in Shields
  5381 | D:7      | Noticed a two-headed ogre
  5396 | D:7      | Killed a two-headed ogre
  5396 | D:7      | Gained mutation: You passively map the area around you. [Deep Dwarf growth]
  5396 | D:7      | Reached XP level 9. HP: 10/78 MP: 0/8
  5491 | D:7      | Slain by an orc warrior

Vault maps used:
D:1:      eino_arrival_cavern_e
D:3:      first_bread, hangedman_feature_mirror, item_on_display_a, uniq_robin,
          uniq_jessica
D:4:      minmay_door_path
D:5:      kennysheep_small_spiral
D:6:      minmay_temple_entry_crystal_x, minmay_misc_feat_tower
D:7:      elyvilon_altar_4
Temple:   nicolae_temple_the_god_donut

Skill      XL: |  1  2  3  4  5  6  7  8 |
---------------+-------------------------+-----
Fighting       | 2 4 |  4.0
Throwing       | 2 |  2.0
Axes           | 4 |  4.0
Dodging        | 4 |  4.0
Armour         | 2 3 5 6 8 |  8.6
Shields        | 5 9 |  9.1

Action                   |  1- 3 |  4- 6 |  7- 9 || total
-------------------------+-------+-------+-------++-------
Melee: War axe           |   125 |   226 |   245 ||   596
Throw: Tomahawk          |       |       |     4 ||     4
 Abil: Heal Wounds       |       |     1 |     5 ||     6
Evoke: Wand              |       |       |     1 ||     1
  Use: Scroll            |     4 |     3 |     3 ||    10
       Potion            |     1 |     4 |     1 ||     6
 Stab: Sleeping          |     1 |       |       ||     1
  Eat: Chunk             |     2 |     5 |     9 ||    16
Armor: Leather armour    |    51 |     4 |       ||    55
       Ring mail         |       |    65 |     8 ||    73
       Skin              |       |    43 |       ||    43
       Chain mail        |       |       |   114 ||   114
Dodge: Dodged            |    91 |   163 |   103 ||   357
Block: Shield            |       |       |   166 ||   166

Table legend:
 A = Spawn XP
 B = Non-spawn XP
 C = Spawn XP percentage of total XP
 D = Spawn monster count
 E = Non-spawn monster count
 F = Spawn count percentage of total count
 G = Total turns spent on level
                    A         B        C        D         E        F      G
               +---------+---------+-------+---------+---------+-------+---------
         Total |       0 |    3666 |   0.0 |       0 |     165 |   0.0 |  5491
               +---------+---------+-------+---------+---------+-------+---------
           D:1 |       0 |      40 |   0.0 |       0 |      21 |   0.0 |   674
           D:2 |       0 |      54 |   0.0 |       0 |      26 |   0.0 |   680
           D:3 |       0 |     432 |   0.0 |       0 |      59 |   0.0 |  1071
           D:4 |       0 |     141 |   0.0 |       0 |      10 |   0.0 |   557
           D:5 |       0 |     179 |   0.0 |       0 |       6 |   0.0 |   692
           D:6 |       0 |    1106 |   0.0 |       0 |      27 |   0.0 |  1164
           D:7 |       0 |    1714 |   0.0 |       0 |      16 |   0.0 |   560
               +---------+---------+-------+---------+---------+-------+---------
